← All builds
Geo sea / Cortex / Economy first / OBSERVED BUILD

Standard geo sea

Cortex Geo sea build order · Supreme Isthmus

The role's default economy-first opening: bot lab then shipyard in the cove, early frigate and destroyer with a sub, taking geo on time before transitioning into a mixed navy for the rest of the game.

Usually shipyard in the cove (98%) · geo on time (83%)

#naval #eco · 1270 distinct matches · 170 players · 55% of Cortex Geo sea games · team won 54% of 1413 · Recently observed

HOW TO PLAY IT

Key timing: Bot Lab by 1:12, Shipyard by 3:17

  1. Open 3 mex into wind, then drop Bot Lab in cove.
  2. Finish Bot Lab, keep teching mex and wind.
  3. Get Shipyard up and start pumping subs and frigates.
  4. Eat the Bot Lab for metal once you have T1 units defending.
  5. Push out submarine, frigate, destroyer to contest sea.
  6. Bring geothermal online and transition toward T2 constructor.

Phase by phase

TYPICAL OF ITS 1270 GAMES · AGAINST STANDARD GEO SEA
  1. 1
  2. 2
  3. 3
  4. 4
PLAY THE OPENING

Follow the example game's first 6:00 step by step: what to build now, what comes next, and where it goes. At 1× it keeps pace with your own game.

  1. 1

    Up to the Bot Lab

    Economy
    • Metal Extractor3Mex
    • Wind Turbine3Wind
    • Wind Turbine2Windfor allies+2 vs standard
    Order
    1. Bot LabBot Lab after 3 mex, 3 winddone ~1:12, middle half 1:08–1:21

    By 0:55 in all: 3 mex · 3 wind

    The example game in this phase · 5 steps
    1. Mex ×3
    2. Wind ×2for Air
    3. Wind ×3
    4. Energy storage
    5. Bot LabBot Labdone 1:31 · typical 1:12
  2. 2

    Bot Lab to Shipyard

    Economy
    • Metal Extractor1Mex
    • Wind Turbine2Wind
    Order
    1. ShipyardShipyard after 4 mex, 4 wind, 1 energy storagedone ~3:19, middle half 3:02–3:38
    Builders
    • Graverobber3 Graverobber
    • Construction Bot3 Con bot
    Army
    • Grunt1 Grunt

    Some games also: con turret (47%) · trasher (40%) · energy storage (38%)

    By 2:54 in all: 4 mex · 4 wind · 1 energy storage

    The example game in this phase · 8 steps
    1. GraverobberGraverobber ×2
    2. TrasherTrasher ×2
    3. GraverobberGraverobber
    4. Construction BotCon bot
    5. Con turret
    6. Construction BotCon bot ×2
    7. Mex
    8. ShipyardShipyarddone 3:34 · typical 3:19
  3. 3

    Shipyard to 5:00

    Economy
    • Metal Extractor4Mex
    Order
    1. Bot LabEat Bot Lab
    Builders
    • Construction Ship1 Con ship
    Army
    • Guard1 Guard
    • Riptide2 Frigate
    • Orca1 Submarine
    • Herring1 Missile corvette
    Other
    • Radar Tower1 Radar Tower

    Some games also: wind (48%) · gunboat (44%) · destroyer (43%) · converter (40%) · con turret (31%)

    By 5:00 in all: 8 mex · 6 wind · 1 energy storage · 1 con turret

    The example game in this phase · 15 steps
    1. Converter ×3
    2. Mex
    3. Construction ShipCon ship
    4. OrcaSubmarinedone 4:03 · typical 4:20
    5. Bot LabEat Bot Labreclaimed for its metal
    6. Mex
    7. Radar TowerRadar Tower
    8. Mex
    9. RiptideFrigatedone 4:18 · typical 4:46
    10. GuardGuard
    11. RiptideFrigate
    12. Mex
    13. SupporterGunboat
    14. Geothermal PowerplantGeodone 6:00 · typical 8:13
    15. SupporterGunboat ×3
  4. 4

    5:00 to 10:00

    Economy
    • Metal Extractor2Mex
    • Wind Turbine6Wind−8 vs standard
    • Energy Converter3Converter+3 vs standard
    Order
    1. Geothermal PowerplantGeo after 9 mex, 9 wind, 2 converterin 78% of games
    Builders
    • Construction Turret1 Con turret
    • Death Cavalry2 Death Cavalry
    • Construction Ship1 Con ship
    Army
    • Guard2 Guard
    • Riptide5 Frigate
    • Herring2 Missile corvette

    Some games also: Thistle (41%) · submarine (31%) · Urchin (30%)

    By 10:00 in all: 10 mex · 13 wind (standard 21) · 1 geo · 4 converter (standard 2) · 1 energy storage · 2 con turret

    The example game in this phase · 79 steps
    1. SupporterGunboat
    2. OppressorDestroyerdone 6:15 · typical 5:58
    3. Mex
    4. Naval Radar / Sonar TowerNaval Radar / Sonar Tower
    5. Radar TowerRadar Tower
    6. GuardGuard
    7. HerringMissile corvette
    8. Death CavalryDeath Cavalry
    9. Converter
    10. Mex
    11. Construction ShipCon ship
    12. Mex
    13. Converter
    14. Radar TowerRadar Tower
    15. OrcaSubmarine
    16. GuardGuard
    17. RiptideFrigate
    18. Converter
    19. RiptideFrigate
    20. GuardGuard
    21. Converter
    22. Naval Radar / Sonar TowerNaval Radar / Sonar Tower
    23. OppressorDestroyer
    24. Twin GuardTwin Guard
    25. Advanced Metal ExtractorT2 mexdone 9:04 · typical 9:24
    26. HerringMissile corvette
    27. Death CavalryDeath Cavalry
    28. Construction ShipCon ship
    29. RiptideFrigate ×2
    30. SupporterGunboat ×4
    31. Advanced Metal ExtractorT2 mex
    32. SupporterGunboat
    33. RiptideFrigate
    34. OppressorDestroyer
    35. Advanced Metal ExtractorT2 mex
    36. HerringMissile corvette
    37. Death CavalryDeath Cavalry
    38. Construction ShipCon ship
    39. RiptideFrigate ×2
    40. Advanced Metal ExtractorT2 mex
    41. RiptideFrigate
    42. Mex
    43. OppressorDestroyer
    44. Tidal ×2
    45. HerringMissile corvette
    46. Tidal ×2
    47. Death CavalryDeath Cavalry
    48. Advanced Metal ExtractorT2 mex
    49. Tidal
    50. Con turret
    51. Tidal
    52. Naval Construction Turret
    53. Naval Metal Storage
    54. Tidal ×2
    55. Construction ShipCon ship
    56. Tidal
    57. Advanced Metal ExtractorT2 mex
    58. Tidal ×2
    59. Naval Energy Storage
    60. Tidal
    61. RiptideFrigate
    62. Tidal
    63. RiptideFrigate
    64. Tidal ×3
    65. Naval Construction Turret
    66. RiptideFrigate
    67. Tidal ×2
    68. OppressorDestroyer
    69. Tidal
    70. Construction ShipCon ship
    71. Tidal ×3
    72. Naval Radar / Sonar TowerNaval Radar / Sonar Tower
    73. Tidal ×7
    74. Con turret
    75. Naval Metal Storage
    76. Naval Construction Turret ×4
    77. ShipyardEat Shipyardreclaimed for its metal
    78. Advanced ShipyardAdvanced Shipyardnot finished by 15:00
    79. Advanced Metal ExtractorT2 mex

Counts are medians over the build's games: half of them build more, half fewer. The example game is Zus's (36 OS, 13/10/2026); pick another.

Team trades

IN AT LEAST 30% OF ITS GAMES

You hand over

  • Wind Turbine2 Wind to Airfirst at 1:41 · in 75% of games

You get

  • Finch1 Finch from Airfirst at 1:52 · in 83% of games
  • Hercules1 Light transport from Airfirst at 2:00 · in 77% of games
  • Advanced Construction Bot1 T2 con bot from Techfirst at 7:42 · in 90% of games

How it plays out

Typical game of this build, running totals by minute

Metal produced

010k20k30k
0:005:0010:0015:00

metal

Enemy metal destroyed

05k10k
0:005:0010:0015:00

metal

Own metal lost

02.5k5k7.5k
0:005:0010:0015:00

metal

1413 games.

Show as table
ByMetal produced: This buildEnemy metal destroyed: This buildOwn metal lost: This build
1:0039800
2:0092900
3:00155300
4:002865050
5:00405815052
6:005404465250
7:006875920551
8:0085571551910
9:001039924551343
10:001255235432041
11:001514246792801
12:001819060503692
13:002150672774461
14:002526386485371
15:002910799476381
WHAT THE NUMBERS SAY

This is the role's own baseline, winning a bit over half its games with steady eco scaling and sea trades roughly matching losses.

  • + Team wins slightly over half of games played.
  • + Metal production scales from ~4k to ~29.5k by 15:00.
  • − Own metal lost climbs to 6875 by 15:00, matching kills closely.
  • − T2 factory only reached in 40% of games, limiting late power.
THE EXAMPLE YOU ARE READING

Zus

36.5 OS · 13/10/2026

Open source match ↗

5 received units · includes a constructor
125 metal received · 73981 energy received

Allied construction assistance is unknown. Timings are observations, not a promise of solo reproducibility.

Typical milestones

Bot Lab1:12Middle 50%: 1:08–1:21 · n=1404
Shipyard3:19Middle 50%: 3:02–3:38 · n=1408
Orca4:20Middle 50%: 3:51–5:01 · n=918
Riptide4:46Middle 50%: 4:11–5:29 · n=1371
Oppressor5:58Middle 50%: 5:13–6:47 · n=1321
Geothermal Powerplant8:13Middle 50%: 7:13–9:26 · n=1346
Advanced Metal Extractor9:24Middle 50%: 8:48–10:21 · n=1244

Played most by

Elpoloow113games of this buildhihimik67games of this buildSHOGVN59games of this buildPRO_Rerory52games of this buildAlphacure50games of this build